 Dungeon Crawl Stone Soup version 0.29.1-1-gd02db6906a (console) character file.

Game seed: 14973697666604633145

87528 erker the Transmogrifier (level 15, -12/95 HPs)
             Began as an Octopode Earth Elementalist on Oct 4, 2022.
             Was an Initiate of Gozag.
             Mangled by Agnes
             ... wielding a +1 vampiric lajatang
              (16 damage)
             ... on level 14 of the Dungeon on Oct 5, 2022.
             The game lasted 03:49:40 (31272 turns).

erker the Transmogrifier (OpEE)                    Turns: 31272, Time: 03:49:41

Health: -12/95     AC:  1    Str: 10    XL:     15   Next: 90%
Magic:  25/47      EV: 22    Int: 25    God:    Gozag
Gold:   749        SH:  0    Dex: 30    Spells: 14/34 levels left

rFire   + + +      SeeInvis +   A - +3 mace {venom, Str+4 Int+3}
rCold   + . .      Faith    .   (no shield)
rNeg    + . .      Spirit   .   (helmet restricted)
rPois   .          Reflect  .   V - amulet of regeneration
rElec   .          Harm     .   z - ring of protection from cold
rCorr   .          Rampage  .   D - ring of the Sky {rF+++ MP+9 Str-3 Int-2 Dex+6 Slay+2}
Will    +++..                   J - ring of see invisible
Stlth   ++++++....              M - +6 ring of dexterity
HPRegen 1.05/turn               L - ring of positive energy
MPRegen 0.30/turn               Z - ring "Luog" {Will++ MP+9}
                                l - +6 ring of dexterity
                                (no ring)

@: no status effects
A: almost no armour, amphibious, 8 rings, camouflage 1, gelatinous body 1,
(nimble swimmer 1), tentacles
a: Renounce Religion, Potion Petition, Call Merchant, Bribe Branch


You were on level 14 of the Dungeon.
You worshipped Gozag.
Gozag was pleased with you.
You visited 4 branches of the dungeon, and saw 23 of its levels.
You also visited: Ossuary.

You collected 8354 gold pieces.
You spent 946 gold pieces at shops.
You paid 6659 gold pieces to Gozag.

Inventory:

Hand Weapons
 a - a +1 dagger of venom
 b - the +8 sling of Spring {vorpal, rC+ Int+2 Dex+3}
   (You found it on level 4 of the Dungeon)

   Any ammunition fired from it inflicts extra damage upon your enemies.
   Int:       It affects your intelligence (+2).
   Dex:       It affects your dexterity (+3).
   rC:        It protects you from cold.
 k - the +6 falchion of Tartarus {venom, rElec rC+ MP+9}
   (You found it on level 2 of the Lair of Beasts)

   It poisons the flesh of those it strikes.
   rC:        It protects you from cold.
   rElec:     It insulates you from electricity.
   MP:        It affects your magic capacity (+9).
 A - the +3 mace of Discomfort (weapon) {venom, Str+4 Int+3}
   (You took it off an orc wizard on level 3 of the Dungeon)

   It poisons the flesh of those it strikes.
   Str:       It affects your strength (+4).
   Int:       It affects your intelligence (+3).
 I - a +2 scimitar of flaming
 W - the +7 mace "Qofa Kosone" {vorpal, *Noise Fly rC+++ Will-}
   (You found it on level 2 of the Lair of Beasts)

   It inflicts extra damage upon your enemies.
   rC:        It renders you almost immune to cold.
   Fly:       It grants you flight.
   *Noise:    It may make noises in combat.
   Will:      It decreases your willpower.
Missiles
 o - 24 poisoned darts (quivered)
 O - a curare-tipped dart
Armour
 q - a +0 kite shield
Magical Staves
 w - a staff of earth
Jewellery
 l - a +6 ring of dexterity (on tentacle)
 z - a ring of protection from cold (left tentacle)
 D - the ring of the Sky (right tentacle) {rF+++ MP+9 Str-3 Int-2 Dex+6 Slay+2}
   (You found it on level 3 of the Dungeon)

   [ring of dexterity]

   Str:       It affects your strength (-3).
   Int:       It affects your intelligence (-2).
   Dex:       It affects your dexterity (+6).
   Slay:      It affects your accuracy & damage with ranged weapons and melee
   (+2).
   rF:        It renders you almost immune to fire.
   MP:        It affects your magic capacity (+9).
 J - a ring of see invisible (on tentacle)
 L - a ring of positive energy (on tentacle)
 M - a +6 ring of dexterity (on tentacle)
 V - an amulet of regeneration (around mantle)
 Z - the ring "Luog" (on tentacle) {Will++ MP+9}
   (You bought it in a shop on level 1 of the Lair of Beasts)

   [ring of magical power]

   MP:        It affects your magic capacity (+9).
   Will:      It greatly increases your willpower.
Wands
 g - a wand of polymorph (28)
 j - a wand of flame (16)
 B - a wand of charming (5)
 H - a wand of digging (8)
 S - a wand of roots (11)
 U - a wand of quicksilver (13)
 Y - a wand of mindburst (6)
Scrolls
 c - 7 scrolls of amnesia
 f - 3 scrolls of immolation
 h - a scroll of fear
 m - 3 scrolls of poison
 n - 8 scrolls of magic mapping
 r - 2 scrolls of brand weapon
 u - 3 scrolls of enchant armour
 C - 9 scrolls of teleportation
 G - 3 scrolls of identify
 K - 2 scrolls of enchant weapon
 R - 6 scrolls of vulnerability
Potions
 d - 2 potions of magic
 e - a potion of resistance
 i - 3 potions of might
 p - 3 potions of cancellation
 s - 5 potions of curing
 t - 5 potions of brilliance
 v - 7 potions of mutation
 x - a potion of invisibility
 y - a potion of haste
 E - a potion of heal wounds
 P - 3 potions of attraction
 Q - a potion of flight
Miscellaneous
 X - a box of beasts


   Skills:
 - Level 6.5 Fighting
 - Level 4.0 Short Blades
 - Level 2.0 Throwing
 - Level 8.4 Dodging
 - Level 10.0 Stealth
 - Level 2.0 Unarmed Combat
 - Level 10.0 Spellcasting
 + Level 9.2 Summonings
 - Level 8.0 Translocations
 - Level 14.2 Transmutations
 - Level 12.0 Earth Magic
 - Level 6.6 Evocations


You had 14 spell levels left.
You knew the following spells:

 Your Spells              Type           Power      Damage    Failure   Level
a - Sandblast             Erth           100%       2d20      1%          1
b - Blink                 Tloc           100%       N/A       1%          2
c - Summon Cactus Giant   Summ           28%        N/A       17%         6
f - Summon Forest         Summ/Tloc      26%        N/A       4%          5
p - Petrify               Tmut/Erth      67%        N/A       1%          4
w - Passwall              Tmut/Erth      55%        N/A       1%          2

Your spell library contained the following spells:

 Spells                   Type           Power      Damage    Failure   Level
 Call Imp                 Summ           56%        N/A       1%          2
 Gell's Gravitas          Tloc           51%        N/A       1%          3
 Lesser Beckoning         Tloc           51%        N/A       1%          3
 Stone Arrow              Conj/Erth      84%        3d12      1%          3
 Teleport Other           Tloc           51%        N/A       1%          3
 Passage of Golubria      Tloc           51%        N/A       1%          4
 Magic Dart               Conj           48%        1d5       4%          1
 Necrotise                Necr           48%        1d6       4%          1
 Slow                     Hex            48%        N/A       4%          1
 Manifold Assault         Tloc           51%        N/A       4%          5
 Searing Ray              Conj           24%        2d5       8%          2
 Yara's Violent Unravell  Hex/Tmut       24%        3d11      8%          5
 Confusing Touch          Hex            12%        N/A       14%         3
 Mephitic Cloud           Conj/Pois/Air  12%        N/A       14%         3
 Tukima's Dance           Hex            12%        N/A       14%         3
 Vampiric Draining        Necr           12%        2d6       14%         3
 Summon Mana Viper        Hex/Summ       35%        N/A       21%         5
 Fulminant Prism          Conj/Hex       6%         3d7       43%         4
 Agony                    Necr           12%        N/A       80%         5


Dungeon Overview and Level Annotations

Branches:
Dungeon (15/15)            Temple (1/1) D:6            Lair (5/5) D:10
 Shoals (0/4) Lair:3       Spider (0/4) Lair:3        Slime (0/5) Lair:5
    Orc (2/2) D:12            Elf (0/3) Orc:2        Vaults (0/5) D:14
Ossuary (visited)
 Depths: D:15

Altars:
Ashenzari
Cheibriados
Dithmenos
Elyvilon
Fedhas
Gozag
Hepliaklqana
Kikubaaqudgha
Makhleb
Nemelex Xobeh
Okawaru
Qazlal
Ru
Sif Muna
Trog
Uskayaw
Vehumet
Wu Jian
Xom
Yredelemnul
Zin
The Shining One
Jiyva

Shops:
D:2 *   D:7 *   D:9 ?   D:10 !*   Orc:2 **(*[*   Lair:1 ==   Lair:5 ==

Annotations:
D:4 exclusion: black bear, Duvessa
D:9 exclusion: centaur
D:10 Fannar, Harold, Urug
D:12 2 runed translucent doors, Domino's ghost, journeyman MiBe
D:14 3 runed translucent doors, Agnes; Jiolyugh's ghost, journeyman GrEE
Lair:2 3 runed translucent doors, exclusion: oklob plant, Wuvuatt's ghost, journeyman MiBe
Orc:1 1 runed translucent door, Jutounej's ghost, journeyman KoBe


Innate Abilities, Weirdness & Mutations

You cannot wear most types of armour.
You are amphibious.
You can wear up to eight rings at the same time.
Your skin changes colour to match your surroundings (Stealth+).
Your rubbery body absorbs attacks. (AC +1, EV +1)
((You are camouflaged when in or above water. (Stealth+)))
You have tentacles for arms and can constrict up to eight enemies at once.


Message History

Your cactus giant disappears in a puff of smoke!
Casting: Summon Cactus Giant (dangerous; 17% risk of failure)
Confirm with . or Enter, or press ? or * to list all spells.
Agnes says, "The ORB is mine by right."
Agnes drinks a potion.
Agnes is healed!
Agnes misses you.
Your cactus giant misses Agnes.
Casting: Summon Cactus Giant (dangerous; 17% risk of failure)
Confirm with . or Enter, or press ? or * to list all spells.
Aiming: Sandblast (safe; 1% risk of failure)
Press: ? - help, Shift-Dir - straight line, f/p - Agnes
Aim: Agnes, wielding a +1 vampiric lajatang and wearing a +0 robe (severely wounded, ally target, 67% to hit)
The blast of sand misses Agnes.
Agnes hits you with a +1 vampiric lajatang!!
Agnes draws strength from your wounds!
Agnes hits you with a +1 vampiric lajatang!
Agnes draws strength from your wounds!
Casting: Sandblast (safe; 1% risk of failure)
Confirm with . or Enter, or press ? or * to list all spells.
Aiming: Sandblast (safe; 1% risk of failure)
Press: ? - help, Shift-Dir - straight line, f/p - Agnes
Aim: Agnes, wielding a +1 vampiric lajatang and wearing a +0 robe (heavily wounded, ally target, 67% to hit)
The blast of sand hits Agnes!
Agnes is severely wounded.
Agnes hits you with a +1 vampiric lajatang.
Agnes hits you with a +1 vampiric lajatang!!
* * * LOW HITPOINT WARNING * * *
Agnes draws strength from your wounds!
Agnes hits you with a +1 vampiric lajatang!!
* * * LOW HITPOINT WARNING * * *
Your cactus giant misses Agnes.
Casting: Sandblast (safe; 1% risk of failure)
Confirm with . or Enter, or press ? or * to list all spells.
You blink.
Agnes barely misses you.
Casting: Blink (safe; 1% risk of failure)
Confirm with . or Enter, or press ? or * to list all spells.
You blink.
Agnes misses you. x2
Agnes attacks as you move away!
Agnes hits you with a +1 vampiric lajatang!
You die...
Your body crumbles into a pile of gold.

#.# ##.## #.# ##.#### #.#
#.# #.# #...[. #)###
#.####### #.# ###..# #...#
#.#<..#.# #.# #..## ##..#
#.....#.# #.# ##.##. ##.#
####..#.# #.# #..#.. #.#
#..#.# #.# #.##..
#u#######.§#.# #.# #.#...
#...u....C@#.###.#####.#..#
##########i#.##........#Z.#
#§#.##....#..##..#
#.#.##....##.# ...
#.#.##....##.## ..
#$#.###.####..###. #.#.#
#.#.......## #$#.#
#.#......... ..#.#
#.#.........


You could see Agnes (ally target), a purple ugly thing and a friendly cactus
giant (summoned).

Vanquished Creatures
  An orc warlord (Orc:2)
  Josephine (D:14)
  5 hydras
  8 vault guards (D:14)
  5 boulder beetles
  2 ogre magi (Orc:2)
  3 centaur warriors
  15 two-headed ogres
  A tengu warrior (D:13)
  2 deep trolls (Orc:2)
  A wizard (D:14)
  Pikel (D:7)
  2 deep elf pyromancers
  4 lindwurms (Lair:2)
  An orc knight (Orc:1)
  3 ugly things
  3 orc sorcerers
  5 cyclopes
  23 elephants
  3 manticores
  Maurice (D:8)
  2 black mambas
  A gargoyle (D:14)
  Maggie (D:7)
  8 cane toads
  3 unseen horrors
  9 komodo dragons
  A tengu conjurer (D:13)
  4 rime drakes
  9 trolls
  2 polar bears (Lair:3)
  A hornet (shapeshifter) (D:13)
  3 meliai
  40 blink frogs
  Grinder (D:5)
  A snapping turtle (Lair:3)
  Sigmund (D:2)
  8 wraiths
  8 wyverns
  30 yaks
  A vampire (D:12)
  5 basilisks
  9 vampire mosquitoes
  Grum (D:8)
  A steam dragon (D:10)
  2 redbacks (Lair:3)
  2 wargs (Orc:1)
  9 water moccasins
  3 acid dragons
  21 orc warriors
  A sky beast (D:4)
  2 ice beasts (D:7)
  19 ogres
  22 wolves
  11 centaurs
  A phantom (D:6)
  2 lemures (D:7)
  15 bullfrogs
  2 kobold brigands (D:10)
  A scorpion (D:5)
  A gnoll sergeant (D:10)
  8 water moccasin zombies (Ossuary)
  3 wights (D:8)
  Dowan (D:4)
  2 howler monkeys
  An electric eel (Lair:3)
  16 jellies
  2 hounds
  21 orc priests
  Jessica (D:2)
  4 iguanas
  17 orc wizards
  2 mummies (Ossuary)
  5 adders
  A shadow imp (D:6)
  A white imp (D:6)
  An ufetubus (D:6)
  3 adder zombies (Ossuary)
  A worm (D:2)
  A dart slug (D:3)
  78 orcs
  2 ball pythons (D:4)
  5 bats
  6 endoplasms
  5 giant cockroaches
  A gnoll zombie (Ossuary)
  6 goblins
  4 hobgoblins
  11 jackals
  9 kobolds
  3 quokkas
  5 frilled lizards
  4 hobgoblin zombies (Ossuary)
  4 kobold zombies (Ossuary)
  7 orc zombies (Ossuary)
  5 rats (D:11)
  A spectral goblin (D:1)
  A butterfly (Lair:5)
602 creatures vanquished.

Vanquished Creatures (collateral kills)
  A catoblepas (D:13)
  5 skeletal warriors (D:14)
  A deep elf pyromancer (D:14)
  3 ugly things (D:14)
  A nameless horror (D:14)
  2 wraiths (D:14)
13 creatures vanquished.

Vanquished Creatures (others)
  An orc wizard (Orc:1)
  34 fungi
  52 plants
87 creatures vanquished.

Grand Total: 702 creatures vanquished

Notes
Turn   | Place    | Note
-------+----------+-------------------------------------------
     0 | D:1      | erker the Octopode Earth Elementalist began the quest for
                  | the Orb.
     0 | D:1      | Reached XP level 1. HP: 11/11 MP: 3/3
   152 | D:1      | Found a faded altar of an unknown god.
   596 | D:1      | Reached XP level 2. HP: 17/17 MP: 5/5
   599 | D:1      | Learned a level 2 spell: Passwall
  1290 | D:2      | Noticed Sigmund
  1345 | D:4      | Noticed a sky beast
  1381 | D:4      | Identified the +8 sling of Spring {vorpal, rC+ Int+2 Dex+3}
  1443 | D:4      | Noticed a howler monkey
  1447 | D:4      | Killed a howler monkey
  1448 | D:4      | Reached skill level 2 in Transmutations
  1448 | D:4      | Reached XP level 3. HP: 12/21 MP: 2/6
  1448 | D:4      | Reached XP level 4. HP: 16/27 MP: 2/7
  1637 | D:4      | Noticed a black bear
  1911 | D:4      | Noticed Dowan
  1928 | D:4      | Learned a level 4 spell: Petrify
  1980 | D:5      | Entered Level 5 of the Dungeon
  1988 | D:5      | Reached skill level 3 in Transmutations
  1988 | D:5      | Reached XP level 5. HP: 31/31 MP: 6/8
  2037 | D:5      | Found a sand-covered staircase.
  2129 | Ossuary  | Entered an ossuary
  2254 | Ossuary  | Reached XP level 6. HP: 23/36 MP: 4/9
  2366 | Ossuary  | Reached skill level 4 in Transmutations
  2366 | Ossuary  | Reached skill level 5 in Earth Magic
  2598 | Ossuary  | Reached XP level 7. HP: 25/41 MP: 5/10
  2726 | Ossuary  | Reached skill level 5 in Transmutations
  2992 | D:5      | Noticed Grinder
  3020 | D:5      | Found a basalt altar of Yredelemnul.
  3288 | D:5      | Reached skill level 6 in Transmutations
  3536 | D:6      | Reached XP level 8. HP: 39/47 MP: 6/11
  3537 | D:6      | Reached skill level 1 in Fighting
  3698 | D:6      | Found a staircase to the Ecumenical Temple.
  3705 | Temple   | Entered the Ecumenical Temple
  3750 | Temple   | Became a worshipper of Gozag Ym Sagoz the Greedy
  3879 | D:3      | Identified the +3 mace of Discomfort {venom, Str+4 Int+3}
  4499 | D:3      | Identified the ring of the Sky {rF+++ MP+9 Str-3 Int-2
                  | Dex+6 Slay+2}
  4944 | D:2      | Noticed Jessica
  4946 | D:2      | Killed Jessica
  5099 | D:2      | Killed Sigmund
  5100 | D:2      | Reached skill level 5 in Stealth
  5110 | D:2      | Found Juwa Fiu's Assorted Antiques.
  5451 | D:4      | Noticed Duvessa
  5660 | D:4      | Killed Dowan
  6109 | D:5      | Killed Grinder
  6581 | D:6      | Reached XP level 9. HP: 54/54 MP: 11/14
  7022 | D:7      | Reached skill level 7 in Transmutations
  7343 | D:7      | Noticed Maggie
  7377 | D:7      | Killed Maggie
  7518 | D:7      | Reached skill level 8 in Transmutations
  7542 | D:7      | Found Xaunneiwku's Assorted Antiques.
  7551 | D:7      | Bought a copper ring for 165 gold pieces
  7648 | D:7      | Reached skill level 1 in Short Blades
  7681 | D:7      | Found a glowing golden altar of the Shining One.
  8057 | D:7      | Noticed Pikel
  8250 | D:7      | Killed Pikel
  8251 | D:7      | Reached XP level 10. HP: 60/60 MP: 16/16
  8345 | D:8      | Noticed an unseen horror
  8354 | D:8      | Killed an unseen horror
  8355 | D:8      | Reached skill level 5 in Dodging
  8661 | D:8      | Noticed Maurice
  8789 | D:8      | Killed Maurice
  8790 | D:8      | Reached skill level 9 in Transmutations
  8914 | D:8      | Noticed Grum
  8924 | D:8      | Killed Grum
  9890 | D:9      | Reached skill level 10 in Transmutations
 10004 | D:9      | Noticed a boulder beetle
 10017 | D:9      | Killed a boulder beetle
 10068 | D:9      | You fall into a shaft and drop 2 floors!
 10127 | D:11     | Noticed a two-headed ogre
 10141 | D:11     | Killed a two-headed ogre
 10142 | D:11     | Reached skill level 10 in Earth Magic
 10142 | D:11     | Reached XP level 11. HP: 64/64 MP: 15/17
 10197 | D:10     | Entered Level 10 of the Dungeon
 10254 | D:10     | Found a white marble altar of Elyvilon.
 10281 | D:10     | Found Harhea's Distillery.
 10286 | D:10     | Bought a potion of heal wounds for 70 gold pieces
 10422 | D:10     | Noticed Urug
 10442 | D:10     | Found a staircase to the Lair.
 10498 | D:10     | Found Ecroo's Lightly-Used Armoury.
 10825 | D:10     | Noticed Harold
 11006 | D:10     | Noticed Fannar
 11359 | D:10     | Noticed a two-headed ogre
 11842 | D:10     | Killed a two-headed ogre
 12791 | D:9      | Found a bloodstained altar of Trog.
 12952 | D:9      | Found a burning altar of Makhleb.
 12958 | D:9      | Found Aqie's Magic Scroll Emporium.
 12968 | D:9      | Bought 2 scrolls of vulnerability for 96 gold pieces
 13238 | D:11     | Reached skill level 5 in Spellcasting
 13334 | D:11     | Noticed a moth of wrath
 13338 | D:11     | Found a bloodstained altar of Trog.
 13837 | D:11     | Noticed a cyan ugly thing
 13885 | D:11     | Killed a cyan ugly thing
 13935 | D:11     | Reached skill level 10 in Stealth
 13970 | D:11     | Noticed a cyclops
 13979 | D:11     | Killed a cyclops
 13980 | D:11     | Noticed a centaur warrior
 13980 | D:11     | Noticed a two-headed ogre
 13990 | D:11     | Killed a two-headed ogre
 13991 | D:11     | Reached skill level 11 in Transmutations
 13991 | D:11     | Reached XP level 12. HP: 74/74 MP: 21/21
 14060 | Lair:1   | Entered Level 1 of the Lair of Beasts
 14649 | Lair:1   | Reached skill level 12 in Transmutations
 15189 | Lair:1   | Noticed a seven-headed hydra
 15434 | Lair:1   | Killed a seven-headed hydra
 15895 | Lair:2   | Found a runed translucent gate.
 15896 | Lair:2   | Found a runed translucent gate.
 15896 | Lair:2   | Found a runed translucent gate.
 15899 | Lair:2   | Noticed a minotaur
 15995 | Lair:2   | Reached skill level 13 in Transmutations
 17405 | Lair:2   | Noticed Wuvuatt's ghost (journeyman MiBe)
 17671 | Lair:2   | Reached skill level 14 in Transmutations
 17671 | Lair:2   | Reached XP level 13. HP: 47/79 MP: 22/22
 18615 | Lair:2   | Identified the +6 falchion of Tartarus {venom, rElec rC+
                  | MP+9}
 18621 | Lair:2   | Identified the +7 mace "Qofa Kosone" {vorpal, *Noise Fly
                  | rC+++ Will-}
 18659 | Lair:2   | Learned a level 2 spell: Blink
 18820 | Lair:3   | Reached skill level 1 in Translocations
 19193 | Lair:3   | Reached skill level 1 in Evocations
 20300 | Lair:3   | Found a hole to the Spider Nest.
 20339 | Lair:3   | Found a shimmering altar of Xom.
 20649 | Lair:3   | Found a staircase to the Shoals.
 20803 | Lair:4   | Identified the +1 helmet "Uxung" {SInv}
 21234 | Lair:4   | Reached skill level 5 in Translocations
 21651 | Lair:5   | Entered Level 5 of the Lair of Beasts
 21753 | Lair:5   | Reached XP level 14. HP: 85/85 MP: 25/25
 22016 | Lair:5   | Found a staircase to the Slime Pits.
 22016 | Lair:5   | Found a viscous altar of Jiyva.
 22176 | Lair:5   | Identified a scroll of acquirement
 22178 | Lair:5   | Acquired 1089 gold pieces
 22652 | Lair:5   | Reached skill level 5 in Evocations
 23027 | D:12     | Reached skill level 5 in Fighting
 23069 | D:12     | Found a staircase to the Orcish Mines.
 23506 | D:12     | Found a large runed translucent door.
 23507 | D:12     | Found a large runed translucent door.
 23513 | D:12     | Noticed Domino's ghost (journeyman MiBe)
 24027 | Orc:1    | Entered Level 1 of the Orcish Mines
 24119 | Orc:2    | Entered Level 2 of the Orcish Mines
 24130 | Orc:2    | Noticed an orc warlord
 24998 | Orc:1    | Noticed Jutounej's ghost (journeyman KoBe)
 25011 | Orc:1    | Found a runed translucent door.
 25989 | Lair:1   | Bought the ring "Luog" {Will++ MP+9} for 615 gold pieces
 26166 | Orc:2    | Found Bummain's General Store.
 26187 | Orc:2    | Reached skill level 10 in Spellcasting
 26220 | Orc:2    | Found Mekif's Assorted Antiques.
 26227 | Orc:2    | Reached skill level 1 in Throwing
 26247 | Orc:2    | Reached XP level 15. HP: 94/94 MP: 29/29
 26250 | Orc:2    | Found Mousom's Weapon Emporium.
 26251 | Orc:2    | Found Hawegg's Armour Shoppe.
 26365 | Orc:2    | Killed an orc warlord
 26366 | Orc:2    | Reached skill level 1 in Unarmed Combat
 26963 | Orc:2    | Found a staircase to the Elven Halls.
 27794 | Orc:1    | Learned a level 5 spell: Summon Forest
 28162 | D:13     | Reached skill level 1 in Summonings
 29162 | D:13     | HP: 2/95 [meliai/divine providence (13)]
 29294 | D:14     | Reached skill level 5 in Summonings
 29515 | D:14     | Noticed Agnes
 29621 | D:14     | Found a runed translucent gate.
 29621 | D:14     | Found a runed translucent gate.
 29621 | D:14     | Found a runed translucent gate.
 29687 | D:14     | Found a gate to the Vaults.
 29990 | D:14     | Noticed Josephine
 30092 | D:14     | Killed Josephine
 30244 | D:14     | Noticed Jiolyugh's ghost (journeyman GrEE)
 30571 | D:14     | Noticed a frost giant
 30758 | D:14     | Noticed a caustic shrike
 30813 | D:15     | Entered Level 15 of the Dungeon
 30884 | D:14     | Learned a level 6 spell: Summon Cactus Giant
 31269 | D:14     | HP: 2/95 [Agnes/+1 vampiric lajatang (20)]
 31272 | D:14     | Mangled by Agnes

Illustrated notes

Levels and vault maps discovered:
D:1:      sevenhm_arrival_forest_fort_large_3, layout_basic,
          dreamdust_ecumenical_altar_drowned_temple, minmay_misc_feat_cross
D:2:      layout_basic, serial_shops, shop, uniq_sigmund, uniq_jessica
D:3:      layout_basic
D:4:      layout_loops_ring, uniq_duvessa
D:5:      layout_loops_cross, kennysheep_mini, nicolae_ossuary_entry_ruins,
          hangedman_abyss_or_decor_jellyfish_corner, uniq_grinder
D:6:      layout_rooms, minmay_temple_entry_trees
D:7:      layout_loops_cross, marbit_many_paths, serial_shops,
          nicolae_square_shop, uniq_maggie, uniq_pikel
D:8:      layout_loops_ring, uniq_grum, uniq_maurice
D:9:      layout_small_grid, lemuel_tele_altar, mainiacjoe_overflow_brackets,
          serial_shops, shop
D:10:     minmay_polygon_palace, layout_long_grid, elyvilon_altar_5,
          grunt_lair_entry_orc_guard_hut, serial_shops,
          nicolae_shop_hallway_plus, minmay_shop_damaged, uniq_harold,
          uniq_urug, uniq_fannar
D:11:     minmay_chambers_of_sixes, layout_stronghold, tgw_trog
D:12:     layout_long_grid, david_orc_5, ebering_ghost_disaster_area,
          beargit_elvish_explorers
D:13:     layout_roguey, kennysheep_generic_room_7
D:14:     layout_basic, erik_vaults_2, gammafunk_ghost_icy,
          nicolae_concentric_dashed_squares_mild, uniq_agnes, uniq_josephine
D:15:     gammafunk_depths_entry_grave, layout_rooms,
          hangedman_abyss_or_decor_lesser_grid, water_boxes_lemuel, uniq_roxanne
Temple:   sentei_temple_godly_chess
Lair:1:   beast_lair_carwin_large_1, layout_cave_pods
Lair:2:   dpeg_oklob_gauntlet, layout_layer_cave,
          maelrawn_ghost_gauntlet_escape, minmay_lindwurm_lava,
          grunt_megastairs_3
Lair:3:   dreamdust_cave_troll, layout_gridlike, minmay_shoals_entry_hut,
          spider_nest_entry_webs, basic_altar, infiniplex_staircase_pool_2
Lair:4:   layout_small_grid, minivault_11, patterned_corridor,
          lemuel_fruit_fields, lemuel_fruit_fields
Lair:5:   evilmike_catoblepas_cave, layout_misc_corridors,
          minmay_slime_entry_jelly_boxes, lemuel_fruit_fields
Orc:1:    layout_caves, hellmonk_ghost_happy_afterlife
Orc:2:    st_orc_open, layout_caves, special_room

Skill      XL: |  1  2  3  4  5  6  7  8  9 10 11 12 13 14 15 |
---------------+----------------------------------------------+-----
Stealth        | 3 4 6 7 8 10 | 10.0
Transmutations | 2 3 4 6 8 10 11 14 | 14.2
Earth Magic    | 4 5 6 8 10 11 12 | 12.0
Fighting       | 2 4 6 |  6.5
Dodging        | 3 4 6 7 8 |  8.4
Spellcasting   | 3 4 6 7 10 | 10.0
Short Blades   | 2 3 4 |  4.0
Translocations | 5 8 |  8.0
Evocations     | 3 6 |  6.6
Throwing       | 2 |  2.0
Unarmed Combat | 2 |  2.0
Summonings     | 9 |  9.2

Action                   |  1- 3 |  4- 6 |  7- 9 | 10-12 | 13-15 || total
-------------------------+-------+-------+-------+-------+-------++-------
Melee: Dagger            |    27 |       |    98 |   156 |   342 ||   623
       Constrict         |     3 |       |    17 |    24 |    37 ||    81
       Tentacles         |     2 |       |    21 |    33 |    81 ||   137
       Punch             |       |       |     1 |     2 |       ||     3
       Unarmed           |       |       |       |     7 |       ||     7
       Staff             |       |       |       |    16 |     3 ||    19
       Mace              |       |       |       |       |     4 ||     4
 Fire: Sling             |     1 |    39 |    74 |     1 |    63 ||   178
Throw: Dart              |       |       |       |     6 |    13 ||    19
 Cast: Sandblast         |    12 |    21 |   100 |   131 |   291 ||   555
       Passwall          |     1 |     2 |     6 |    16 |    31 ||    56
       Petrify           |       |       |    28 |   108 |   247 ||   383
       Blink             |       |       |       |       |    11 ||    11
       Summon Cactus Gia |       |       |       |       |    10 ||    10
       Summon Forest     |       |       |       |       |     5 ||     5
Invok: Call Merchant     |       |       |       |     2 |     4 ||     6
       Potion Petition   |       |       |       |       |     1 ||     1
Evoke: Wand              |       |       |       |       |     7 ||     7
  Use: Scroll            |       |       |     9 |    11 |    11 ||    31
       Potion            |       |       |     1 |     7 |     9 ||    17
 Stab: Sleeping          |     7 |       |     4 |    15 |    18 ||    44
       Petrified         |       |       |    46 |   113 |   235 ||   394
       Petrifying        |       |       |       |     8 |    13 ||    21
       Distracted        |       |       |       |       |     1 ||     1
Armor: Skin              |     4 |     2 |    10 |    31 |    65 ||   112
Dodge: Dodged            |    31 |    25 |    65 |   191 |   432 ||   744
